AoeStats
← eNZo STaR

African Clearing

510308137Analyzed
2v2 RM · 22h ago on Sep 30, 2026· 82m 39s· 4 players
Game mode
Random Map
Map size
Medium (4 player)
Population
200
Speed
Normal
Resources
Standard
Victory
Conquest
Starting age
Dark Age
Ending age
Imperial Age
RankedLock teamsTeams togetherTeam positionsShared explorationLock speedFull tech treeHidden civsTurbo modeCheats
Victory
Defeat
🇩🇪 Huns · Germany
1286
+13
🇩🇪 Japanese · Germany
1285
+13
🇪🇸 Britons · Spain
1238
-13
🇪🇸 Celts · Spain
1209
-13
Tempris
10:41 Loom
12:26 Feudal Age
16:41 Scale Barding Armor
16:47 Forging
22:36 Castle Age
21:30 Gold Mining
22:13 Bloodlines
21:50 Double-Bit Axe
24:21 Scale Mail Armor
24:55 Chain Barding Armor
25:33 Horse Collar
26:13 Bow Saw
31:53 Wheelbarrow
32:25 Husbandry
32:27 Heavy Plow
38:48 Imperial Age
37:30 Iron Casting
39:12 Gold Shaft Mining
38:28 Stone Mining
40:09 Plate Barding Armor
39:02 Light Cavalry
39:05 Cavalier
40:49 Hand Cart
40:20 Town Watch
40:49 Light Cavalry
41:43 Hussar
45:50 Conscription
45:34 Marauders
49:18 Elite Skirmisher
50:05 Fletching
50:16 Padded Archer Armor
51:07 Bodkin Arrow
54:35 Leather Archer Armor
55:43 Two-Man Saw
55:36 Capped Ram
57:00 Coinage
58:46 Bracer
59:53 Blast Furnace
61:36 Caravan
63:39 Coinage
63:19 Guilds
68:07 Elite Tarkan
73:40 Banking
73:12 Paladin
77:47 Masonry
78:05 Ballistics
77:34 Siege Ram
codeeaglestrike
9:45 Loom
11:45 Feudal Age
12:58 Double-Bit Axe
14:30 Town Watch
16:52 Wheelbarrow
23:26 Castle Age
23:30 Crossbowman
24:04 Fletching
24:54 Gold Mining
38:23 Imperial Age
36:36 Yasama
39:36 Imperial Age
37:18 Guard Tower
39:21 Bodkin Arrow
40:15 Bow Saw
47:28 Padded Archer Armor
47:31 Bracer
51:17 Arrowslits
53:03 Horse Collar
54:21 Conscription
55:08 Scale Mail Armor
60:06 Murder Holes
62:47 Keep
63:15 Chemistry
62:38 Ballistics
63:19 Chemistry
65:30 Chain Mail Armor
64:45 Pikeman
65:26 Squires
68:25 Hoardings
68:11 Hand Cart
67:57 Halberdier
72:12 Plate Mail Armor
72:04 Elite Samurai
73:07 Arson
73:50 Stone Mining
76:05 Kataparuto
78:07 Forging
79:14 Siege Engineers
81:49 Iron Casting
82:18 Two-Man Saw
eNZo STaR
6:27 Loom
12:09 Feudal Age
17:13 Fletching
18:11 Wheelbarrow
23:38 Castle Age
22:00 Padded Archer Armor
23:02 Double-Bit Axe
23:52 Crossbowman
25:59 Bodkin Arrow
31:29 Ballistics
35:09 Imperial Age
34:13 Leather Archer Armor
36:50 Chemistry
37:01 Bracer
40:00 Arbalester
43:21 Ring Archer Armor
43:13 Hand Cart
42:43 Town Watch
44:25 Murder Holes
45:34 Scale Mail Armor
45:45 Forging
46:56 Conscription
49:18 Yeomen
49:39 Horse Collar
53:34 Iron Casting
53:05 Scale Barding Armor
55:19 Elite Longbowman
56:24 Warwolf
57:28 Hoardings
58:01 Chain Barding Armor
58:42 Blast Furnace
57:44 Husbandry
58:50 Town Patrol
59:33 Cavalier
63:55 Plate Barding Armor
68:06 Caravan
71:03 Chain Mail Armor
70:10 Pikeman
70:51 Squires
70:56 Halberdier
71:32 Arson
72:18 Plate Mail Armor
71:41 Light Cavalry
73:03 Bow Saw
David Di Vaio
9:34 Loom
14:32 Feudal Age
18:34 Castle Age
16:40 Double-Bit Axe
18:45 Fletching
27:47 Elite Skirmisher
38:41 Wheelbarrow
48:23 Forging
48:14 Scale Mail Armor
48:28 Horse Collar
48:51 Man-at-Arms
49:16 Gambesons
49:17 Arson
49:27 Gold Mining
49:57 Long Swordsman
51:41 Iron Casting
51:22 Chain Mail Armor
52:35 Hand Cart
60:34 Gold Shaft Mining
61:04 Heavy Plow
69:29 Imperial Age
70:16 Two-Handed Swordsman
71:30 Champion
75:12 Blast Furnace
81:06 Plate Mail Armor
Connection lost

Rejoining the realm…

Still unreachable

The connection could not be restored.

Session expired

The server has moved on; the page needs a fresh start.